 Dungeon Crawl Stone Soup version 0.18-a0-846-g91b95b1 (webtiles) character file.

62 Duffy the Skirmisher (level 4, 0/24 HPs)
             Began as a Vine Stalker Fighter on Dec 20, 2015.
             Succumbed to an adder's poison
             ... on level 2 of the Dungeon.
             The game lasted 00:01:13 (995 turns).

Duffy the Skirmisher (Vine Stalker Fighter)          Turns: 995, Time: 00:01:13

Health: 0/24       AC:  6    Str: 18    XL:     4   Next: 8%
Magic:  2/5        EV:  7    Int:  8    God:
Gold:   79         SH:  9    Dex: 15    Spells: 0 memorised, 3 levels left

rFire  . . .     SeeInvis .     a - +0 flail
rCold  . . .     Gourm    .     b - +0 scale mail
rNeg   . . .     Faith    .     c - +0 shield
rPois  .         Spirit   +     (no helmet)
rElec  .         Dismiss  .     (no cloak)
rCorr  .         Reflect  .     (no gloves)
SustAt .         Harm     .     (no boots)
MR     .....                    (no amulet)
Stlth  ..........               (no ring)
                                (no ring)

@: lethally poisoned (0 -> -3), not resistant to hostile enchantments, extremely
unstealthy
A: fangs 2, regeneration 1, magic shield, antimagic bite, no device heal 3, rot
immunity
a: no special abilities


You were on level 2 of the Dungeon.
You were not hungry.

You visited 1 branch of the dungeon, and saw 2 of its levels.

You collected 79 gold pieces.


Innate Abilities, Weirdness & Mutations

You have extremely sharp teeth.
Your natural rate of healing is unusually fast.
When hurt, damage is shared between your health and your magic reserves.
Your bite disrupts and absorbs the magic of your enemies.
Potions and wands cannot restore your health.
You are immune to rotting.


   Skills:
 + Level 3.3 Fighting
 + Level 3.2 Maces & Flails
 - Level 2.4 Armour
 - Level 2.6 Shields


You had 3 spell levels left.
You didn't know any spells.

Inventory:

Hand Weapons
 a - a +0 flail (weapon)
Missiles
 i - 8 poisoned needles
Armour
 b - a +0 scale mail (worn)
 c - a +0 shield (worn)
Scrolls
 h - 2 scrolls of identify {unknown}
 k - a scroll of amnesia {unknown}
 m - a scroll of enchant weapon {unknown}
 o - a scroll of remove curse {unknown}
 p - a scroll of teleportation {unknown}
Potions
 d - a potion of might
 e - a potion of haste {unknown}
 g - a potion of degeneration {unknown}
 j - a potion of agility {unknown}
Comestibles
 f - 3 bread rations
 l - a royal jelly
 n - 2 fruits
 q - a meat ration

Dungeon Overview and Level Annotations

Branches:
Dungeon (2/15)

Altars:


Message History

The adder barely misses you. Jessica hits you with a club.
The adder bites you but does no damage. You block the adder's attack.
You hit Jessica.
You kill Jessica!
You have reached level 4!
You feel agile. The adder bites you.
You are poisoned.
The adder poisons you! The adder bites you but does no damage.
The adder bites you. You block the adder's attack.
You feel sick. The adder bites you. You block the adder's attack.
You see here a yellow potion.
You feel sick. You block the adder's attack.
You feel sick. The adder bites you but does no damage.
Your shield and scale mail prevent you from hitting the adder.
Your bite misses the adder. You block the adder's attack.
You hit the adder.
The adder is lightly wounded.
The adder bites you.
You are lethally poisoned!
The adder poisons you! The adder barely misses you.
You closely miss the adder. You bite the adder. You drain its power.
You feel invigorated.
The adder is heavily wounded.
You feel sick. The adder closely misses you. The adder bites you.
You are more poisoned.
The adder poisons you!
You miss the adder. Your bite misses the adder.
The adder is heavily wounded.
You feel sick. The adder bites you but does no damage.
Your shield and scale mail prevent you from hitting the adder.
The adder is heavily wounded.
You die...

.#..........###.#.#
.....#+####.#.....#
# .###.#.#
#.#.#.####.#. .#
#...####.#.#.#......
.#
####.......#........
.# #....#......##.##
.### #....#..#####
.%...##....##.#####
.###.##....##.SS@.#
(###+##....##..##.#
##.........##..##.#
[.............#.#
............#.#.#
........!####...##
..........S......#
...........).....#
.............)...#


You could see 2 adders.

Action                   |  1- 3 |  4- 6 || total
-------------------------+-------+-------++-------
Melee: Flail             |    59 |     5 ||    64

Notes
Turn   | Place    | Note
--------------------------------------------------------------
     0 | D:1      | Duffy the Vine Stalker Fighter began the quest for the Orb.
     0 | D:1      | Reached XP level 1. HP: 11/11 MP: 2/2
    17 | D:1      | Reached skill level 2 in Maces & Flails
    62 | D:1      | Reached XP level 2. HP: 14/16 MP: 1/3
   650 | D:1      | Reached XP level 3. HP: 19/19 MP: 4/4
   777 | D:2      | Reached skill level 3 in Fighting
   777 | D:2      | Reached skill level 3 in Maces & Flails
   976 | D:2      | Noticed Jessica
   982 | D:2      | Killed Jessica
   982 | D:2      | Reached XP level 4. HP: 10/24 MP: 1/5
   995 | D:2      | Succumbed to an adder's poison

Vault maps used:
D:1:      sevenhm_arrival_forest_fort_large_4, lemuel_flame_loot_1
D:2:      uniq_jessica

Vanquished Creatures
  Jessica
  An adder
  3 giant cockroaches
  3 goblins
  4 hobgoblins
  4 jackals
  2 kobolds
  2 bats
  2 giant newts
  5 rats
27 creatures vanquished.
